[Event "40th Cappelle Open 2024"]
[Site "Cappelle-la-Grande"]
[Date "2024.03.03"]
[Round "2.6"]
[White "Fiedorek, Michal"]
[Black "Bellahcene, Bilel"]
[Result "1/2-1/2"]
[ECO "C64"]
[WhiteElo "2286"]
[BlackElo "2522"]
[Annotator "RC"]
[PlyCount "127"]
[EventDate "2024.03.02"]
[EventType "swiss"]
[EventCountry "FRA"]
[SourceTitle "playchess.com"]
[Source "ChessBase"]
[SourceQuality "1"]
[TimeControl "40/5400+30:1800+30"]

1. e4 e5 2. Nf3 Nc6 3. Bb5 a6 4. Ba4 Bc5 5. c3 Nge7 6. O-O Ng6 7. d4 Ba7 8. Bg5 f6 9. Be3 O-O 10. Nbd2 d6 11. Re1 Kh8 12. Bc2 Bd7 13. Rc1 b5 14. Bb1 a5 15. Nf1 a4 16. d5 Na5 17. N3d2 Qb8 18. b4 axb3 19. axb3 c5 20. dxc6 Nxc6 21. b4 Rd8 22. Bc2 Nce7 23. Bb3 Bc6 24. Qg4 d5 25. exd5 Nxd5 26. Ne4 Ndf4 27. Bc2 Rf8 28. Nfg3 Nxg2 29. Kxg2 f5 30. Nxf5 Rxf5 31. Kg1 Qf8 32. Nc5 Rf6 33. Be4 Bxc5 34. Bxc5 Qf7 35. Bxc6 Rxc6 36. Ra1 Rg8 37. Ra7 Qb3 38. Qe4 Qxc3 39. Rea1 Rcc8 40. R7a3 Qd2 41. Rh3 Qg5+ 42. Kh1 Qf6 43. Rg1 Qc6 44. Qxc6 Rxc6 45. Ra3 Nf4 46. Ra5 Rb8 47. Rd1 h5 48. h4 Rg6 49. Rd7 Rg4 50. Be7 Ng6 51. f3 Rc4 52. Raa7 Rd4 53. Rdc7 Rc4 54. Rd7 Nxe7 55. Rxe7 Rxh4+ 56. Kg2 Rxb4 57. Rxe5 Rb2+ 58. Kg3 h4+ 59. Kxh4 Rg2 60. Ra5 Rb2 61. Ra7 Rh2+ 62. Kg3 Rh6 63. Rg5 Rg8 64. Rxb5 1/2-1/2

[Event "40th Cappelle Open 2024"]
[Site "Cappelle-la-Grande"]
[Date "2024.03.03"]
[Round "2.7"]
[White "Valsecchi, Alessio"]
[Black "Houriez, Clement"]
[Result "1-0"]
[ECO "B12"]
[WhiteElo "2490"]
[BlackElo "2272"]
[Annotator "TA"]
[PlyCount "77"]
[EventDate "2024.03.02"]
[EventType "swiss"]
[EventCountry "FRA"]
[SourceTitle "playchess.com"]
[Source "ChessBase"]
[SourceQuality "1"]
[TimeControl "40/5400+30:1800+30"]

1. e4 c6 2. d4 d5 3. e5 Bf5 4. Nd2 e6 5. Nb3 c5 6. Bb5+ Nc6 7. dxc5 Bxc5 8. Bxc6+ {[%emt 0:01:22] White has an edge.} (8. a4 $5 Bf8 9. a5 $14) 8... bxc6 9. Nxc5 {[%emt 0:00:24] Black must now prevent Nb7.} Qa5+ 10. c3 Qxc5 11. Ne2 Qb6 12. b4 Qc7 13. Be3 f6 14. f4 fxe5 15. fxe5 Ne7 {[%emt 0:02:07] Black is weak on the dark squares} 16. O-O O-O 17. Bc5 Be4 18. Rxf8+ Rxf8 19. Nd4 (19. Qa4 {simplifies} Rf7 20. Qxa7 Qxa7 21. Bxa7 Bd3 22. Nd4) 19... Rf7 20. Bd6 (20. Nxe6 Qxe5 21. Bxe7 Qxc3 $17 (21... Rxe7 22. Nd4 $15) (21... Qxe6 22. Bc5 $11)) (20. Qg4 {with more complications.} Ng6 21. Qxe6 Qxe5 22. Rf1) 20... Qb6 21. Qa4 Ng6 {[%emt 0:11:55] Strongly threatening ...Qd8.} 22. Qxc6 Qxc6 23. Nxc6 Nf4 24. Re1 {[%emt 0:04:20] Dodges Ne2+} (24. Nd8 {leads to mate.} Ne2+ 25. Kh1 Rf2 26. Rg1 Bxg2+ (26... Nxc3 27. Nxe6 Rxa2 28. Bc5 $17) (26... Nxg1 $2 27. Kxg1 Rxg2+ 28. Kf1 $19) 27. Rxg2 Rf1+) 24... Bxg2 {[%emt 0:04:15] [#]} 25. Nd8 $1 {[%emt 0:00:08] White is more active.} Rf5 {[%emt 0:00:32] [#] And now ...Bh3 would win.} 26. Nxe6 $1 Nxe6 27. Kxg2 $16 {[%emt 0:00:06][%mdl 4096] Endgame. KRB-KRN} Rf4 28. Rb1 Rc4 29. Rb3 d4 30. cxd4 Rc2+ (30... Nxd4 $16 {is a better defense.} 31. Ra3 Nb5) 31. Kg3 $18 {[%emt 0:03:45] Threatens to win with d5.} Rxa2 $2 (31... Nxd4 {is more resistant.} 32. Ra3 Kf7 33. Rxa7+ Ke6) 32. Rd3 {[%emt 0:05:36] aiming for d5.} g5 33. d5 Nf4 34. Rd1 Rg2+ (34... Kf7 $142 35. e6+ Nxe6 36. dxe6+ Kxe6) 35. Kf3 Rxh2 36. e6 Rh4 37. Bxf4 {[%emt 0:03:12] White mates.} Rxf4+ 38. Kg3 Kf8 39. d6 {[%emt 0:00:10] Weighted Error Value: White=0.06 (flawless) /Black=0.52.  Mistake:       	---       	Black=3      Inaccurate:     	White=3     	Black=6      OK:         	White=15    	Black=9      Best:        	White=3     	Black=3      Strong:       	White=1     	---        Brilliant:      	White=1     	---} 1-0

[Event "40th Cappelle Open 2024"]
[Site "Cappelle-la-Grande"]
[Date "2024.03.03"]
[Round "2.8"]
[White "Fedoryshyn, Ievgenii"]
[Black "Girel, Joseph"]
[Result "1-0"]
[ECO "C03"]
[WhiteElo "2256"]
[BlackElo "2486"]
[Annotator "TA"]
[PlyCount "105"]
[EventDate "2024.03.02"]
[EventType "swiss"]
[EventCountry "FRA"]
[SourceTitle "playchess.com"]
[Source "ChessBase"]
[SourceQuality "1"]
[TimeControl "40/5400+30:1800+30"]

1. e4 e6 2. d4 d5 3. Nd2 Be7 4. Ngf3 Nf6 5. Bd3 c5 6. exd5 Qxd5 7. dxc5 Qxc5 8. O-O Nbd7 9. Qe2 Qc7 10. Nb3 O-O 11. c3 b6 12. Bg5 Bb7 13. Rfe1 Rfe8 14. Rad1 a6 15. Bh4 Bd6 16. Bg3 Bxg3 17. hxg3 e5 18. Bc2 e4 19. Nfd4 Ne5 (19... e3 {feels hotter.} 20. Nf5 exf2+ 21. Qxf2 g6) 20. Nd2 Neg4 21. Nf1 Qc5 22. Bb3 Qh5 23. Nc2 a5 24. Bc4 Re5 25. Nce3 b5 26. Nxg4 $4 (26. Bb3 $1 $14 {is the one way to stay ahead.}) 26... Nxg4 $19 27. Bb3 {[%emt 0:08:29] [#]} a4 $1 (27... Rf5 28. f3 Nf6 (28... exf3 29. Qe8+ Rxe8 30. Rxe8#) 29. Qd2 $14) 28. Rd7 axb3 29. Rxb7 (29. axb3 $142 Bc6 30. Rd6) 29... bxa2 $19 30. b4 Nf6 $2 (30... a1=B 31. Rxa1 Rd8 32. Ra5 $14) (30... g6 31. Rb8+ Rxb8 32. Qxa2 Qh6) 31. Qb2 $2 (31. Qxh5 {only move.} Rxh5 32. Ra1) 31... Ree8 (31... h6 $142 32. c4 e3 (32... bxc4 $2 33. Rc7 $19) 33. fxe3 bxc4) 32. Ne3 $2 (32. Ra1 e3 (32... Qd5 $2 33. Rc7 $19) 33. fxe3 (33. Nxe3 $2 Rxe3 34. Qb3 Ng4 $19)) 32... Red8 33. Ra1 Ng4 34. Nxg4 Qxg4 35. Rxb5 (35. Qc2 $19 Qe6 36. Rxb5) 35... Ra6 $2 (35... Rd1+ {mates} 36. Rxd1 Qxd1+ 37. Kh2 a1=Q (37... a1=B 38. Qa3 $17) 38. Qxa1 Qxa1 39. Re5 Qxc3 40. Rxe4 Qf6 41. Re1 Qxf2 (41... Qh6+ $2 42. Kg1 $19) 42. Re5 Qf6 43. Re4 Qh6+ 44. Rh4 Qc1 45. Re4 f5 (45... Qh6+ 46. Rh4 Qc1 47. Re4 f5 48. Rd4 Ra1 49. Rd8+ Kf7 50. Rd7+ Ke8 51. Rd8+ Kxd8 52. g4 f4 53. Kh3 Qh1#) 46. Rd4 Ra1 (46... Qh6+ 47. Rh4 Qc1 48. Rd4 Ra1 49. Rd8+ Kf7 50. Rd7+ Ke8 51. Rd8+ Kxd8 52. g4 f4 53. Kh3 Qh1#) 47. Rd8+ Kf7 48. Rd7+ Ke6 49. Rd6+ Kxd6 50. g4 f4 51. Kh3 Qh1#) 36. Qd2 $1 $11 Qc8 (36... Rxd2 37. Rb8+) 37. Rd5 Re8 {[%emt 0:00:21] [#]} (37... Rxd5 $11 38. Qxd5 Qa8) 38. Rxa2 (38. Ra5 $1 $16) 38... Rxa2 $11 (38... e3 $6 39. fxe3 Rxa2 40. Qxa2 Qxc3 41. Qd2 Qxd2 42. Rxd2 $16) 39. Qxa2 Qxc3 40. Qd2 Qc7 41. Rd7 (41. b5 {simplifies} Qb6 42. Qd4 Qxd4 43. Rxd4 Kf8 44. g4) 41... Qe5 ({Much worse is} 41... e3 $6 42. fxe3 Qe5 (42... Qxg3 43. b5 $16) 43. Qd4 Qxd4 (43... Qxg3 $2 {too greedy.} 44. Rd8 $18) 44. Rxd4 $16 (44. exd4 Kf8 $18)) 42. Qa2 (42. Rd8 {simplifies} g6 43. Rxe8+ Qxe8 44. Qd4) 42... e3 $2 (42... Rf8 $11 {and Black is okay.}) 43. Qxf7+ $18 Kh8 44. f4 e2 $2 (44... Qa1+ 45. Kh2 Rg8) 45. fxe5 $18 e1=Q+ 46. Kh2 Qxe5 47. b5 Rg8 48. b6 Qe3 49. Rd6 Qc5 50. Re6 Qb5 51. b7 h6 52. Re7 Kh7 53. Rc7 1-0

[Event "40th Cappelle Open 2024"]
[Site "Cappelle-la-Grande"]
[Date "2024.03.03"]
[Round "2.9"]
[White "Pourquet, Matthieu"]
[Black "Vlachos, Anatole"]
[Result "0-1"]
[ECO "E05"]
[WhiteElo "2233"]
[BlackElo "2479"]
[Annotator "TA"]
[PlyCount "106"]
[EventDate "2024.03.02"]
[EventType "swiss"]
[EventCountry "FRA"]
[SourceTitle "playchess.com"]
[Source "ChessBase"]
[SourceQuality "1"]
[TimeControl "40/5400+30:1800+30"]

1. d4 d5 2. c4 e6 3. Nf3 Nf6 4. g3 Be7 5. Bg2 O-O 6. O-O dxc4 7. Qc2 a6 8. a4 Bd7 9. Qxc4 Bc6 10. Nc3 b5 11. Qd3 b4 12. Nb1 Be4 13. Qd1 c5 14. dxc5 Qxd1 15. Rxd1 Nbd7 {[%emt 0:01:04] The position is equal.} 16. Bf4 Nxc5 17. Nbd2 {[%emt 0:02:49] Prevents Nb3.} Bd5 18. Ne5 Bxg2 19. Kxg2 Nd5 20. Nec4 Nxf4+ 21. gxf4 Rac8 22. Nb6 {[%emt 0:14:07] A dynamic duo of knights.} Rcd8 23. Ndc4 f6 24. Kf1 Kf7 25. e3 Rxd1+ 26. Rxd1 Rd8 {[%emt 0:00:06] Wards off Nd6+} 27. Rc1 Nb3 28. Rc2 (28. Re1 $15 {feels stronger.}) 28... Ke8 (28... Kg6 $17) 29. Ke2 $15 Rb8 30. Nc8 Rxc8 $17 31. Nd6+ Bxd6 32. Rxc8+ Ke7 33. Ra8 (33. Rg8 $1 $15) 33... Nc5 34. Ra7+ {[%emt 0:00:05] [#]} Kf8 $1 35. h3 Be7 (35... Nxa4 $2 {too greedy.} 36. Rxa6 Bxf4 37. Rxa4 $18) 36. a5 f5 37. f3 Bd8 38. Ra8 Ke7 39. Rc8 Nb7 40. Rb8 Nxa5 {[%emt 0:00:39] [#] ...Nc6 would now be deadly.} 41. Rxb4 Kd6 42. Kd3 Kc5 43. Rb8 Nc6 44. Rb7 Bf6 {[%emt 0:00:13] aiming for ...Nb4+.} 45. Kc2 $2 (45. Ke2 {was called for.}) 45... Nb4+ $19 46. Kb3 Nd5 47. Ka4 Nxe3 {[%emt 0:00:07] Hoping for ...Nd5.} 48. b4+ Kc6 49. Rb8 (49. Ra7 {was forced.} Kb6 50. Rd7) 49... Nd5 {[%emt 0:00:55] Black is clearly winning.} 50. Ka5 Bc3 ({Not} 50... Nxf4 51. Kxa6 Bd4 (51... Nxh3 $2 52. b5+ Kc7 53. Re8 $19) 52. b5+ Kc7 53. Rh8 $19) 51. Kxa6 Nxb4+ 52. Ka7 Bd4+ 53. Ka8 Nd5 {[%emt 0:00:06] Weighted Error Value: White=0.43/Black=0.07 (flawless) .  Mistake:       	White=5     	Black=1      Inaccurate:     	White=3     	Black=1      OK:         	White=9     	Black=17     Best:        	White=3     	Black=6      Strong:       	---       	Black=1} 0-1

[Event "40th Cappelle Open 2024"]
[Site "Cappelle-la-Grande"]
[Date "2024.03.03"]
[Round "2.10"]
[White "Velten, Paul"]
[Black "Maisuradze, Nino"]
[Result "1-0"]
[ECO "B31"]
[WhiteElo "2475"]
[BlackElo "2254"]
[Annotator "RC"]
[PlyCount "63"]
[EventDate "2024.03.02"]
[EventType "swiss"]
[EventCountry "FRA"]
[SourceTitle "playchess.com"]
[Source "ChessBase"]
[SourceQuality "1"]
[TimeControl "40/5400+30:1800+30"]

1. e4 c5 2. Nf3 Nc6 3. Bb5 g6 4. O-O Bg7 5. Bxc6 bxc6 6. Re1 Nh6 7. h3 O-O 8. d3 f5 9. e5 Nf7 10. Bf4 d6 11. Nc3 Rb8 12. Rb1 Qc7 13. exd6 exd6 14. Na4 Qd8 15. Bh2 g5 16. Nxc5 g4 17. hxg4 fxg4 18. Nd2 Be5 19. Bxe5 Nxe5 20. Nce4 Qh4 21. Re3 Be6 22. Qe1 Bxa2 23. f4 Qxe1+ 24. Rbxe1 Ng6 25. b3 d5 26. Nc5 d4 27. Re4 Rxf4 28. Ra1 Rb5 29. Ne6 Rxe4 30. Nxe4 Ra5 31. Nxd4 Nf4 32. Nxc6 1-0

[Event "40th Cappelle Open 2024"]
[Site "Cappelle-la-Grande"]
[Date "2024.03.03"]
[Round "2.12"]
[White "Roshka, Yevgeniy"]
[Black "Degardin, Sylvain"]
[Result "1/2-1/2"]
[ECO "A64"]
[WhiteElo "2468"]
[BlackElo "2235"]
[Annotator "TA"]
[PlyCount "114"]
[EventDate "2024.03.02"]
[EventType "swiss"]
[EventCountry "FRA"]
[SourceTitle "playchess.com"]
[Source "ChessBase"]
[SourceQuality "1"]
[TimeControl "40/5400+30:1800+30"]

1. d4 Nf6 2. c4 g6 3. Nc3 Bg7 4. Nf3 d6 5. g3 O-O 6. Bg2 c5 7. d5 e6 8. O-O exd5 9. cxd5 a6 10. a4 Re8 11. Nd2 Nbd7 12. Qc2 Rb8 13. Rb1 Qc7 14. b3 b5 15. Bb2 b4 16. Nd1 a5 (16... Rxe2 {seems wilder.} 17. Ne3 a5 18. Qd3 Rxe3 19. Qxe3 Nb6) 17. e4 Ba6 18. Re1 (18. Nc4 $11) 18... Nxd5 $17 19. Bxg7 Kxg7 20. Bf1 Bxf1 21. Kxf1 Ne7 22. Ne3 Kg8 (22... Nc6 $17 23. Nd5 Qd8 24. Qb2+ f6) 23. Rbd1 Nc6 24. Nf3 {[%emt 0:07:11] Prevents Nd4} Nb6 25. Ng4 Qe7 {[%emt 0:07:21] Prevents Nf6+.} (25... Re7 $1 $15) 26. e5 $11 dxe5 27. Nfxe5 Nd4 28. Rxd4 cxd4 $17 29. Qc6 (29. Qd2 $17 {was necessary.} d3 (29... f6 30. Qxd4 Qf8 31. Nf3 $19) 30. Re3) 29... Rec8 $2 (29... Kg7 $19 {White must now prevent ...Qe6.} 30. Nd3 Rec8 31. Rxe7 Rxc6) 30. Qf3 $11 Qb7 31. Qf4 {[%emt 0:06:17][%cal Oe5f7] And now Nxf7! would win.} f5 (31... Qh1+ 32. Ke2 Qb7 (32... d3+ $2 33. Kd1 $18) 33. Nxf7 $14) 32. Nf6+ {[%emt 0:00:04] A dynamic duo of knights.} Kg7 33. Kg1 $2 Nd5 (33... Kxf6 $2 34. Qxd4 Ke6 35. Ng4+ $18 (35. Nxg6+ Kf7 $16) (35. Nxg6+ Kf7 $16)) 34. Nh5+ (34. Nxd5 {only move.} Qxd5 35. Nc6) 34... gxh5 35. Qg5+ Kh8 36. Qh6 Re8 {[%emt 0:01:21] ...Qg7 would now be deadly.} 37. Qxh5 Ne3 38. Ng6+ Kg7 39. Nf4 {[%emt 0:00:01] [#] Inhibits Qg2+.} Qf7 $1 40. Qg5+ Kh8 41. fxe3 Rxe3 ({And not} 41... Qxb3 42. Qf6+ Kg8 43. Qg5+ Kf8 (43... Kf7 $2 44. Nh5 $18) 44. Qf6+ Qf7 45. Qh8+ Qg8 (45... Ke7 46. Qe5+ Kf8 47. Qh8+ Qg8 48. Qf6+ Qf7 49. Qh8+ $11) 46. Qf6+ Qf7 47. Qh8+ Ke7 48. Qxd4 $11) 42. Rd1 Rbe8 43. Rxd4 Rxb3 {[%emt 0:02:13] Threatens to win with ...Rb2.} 44. Rd8 Rbe3 45. Nh5 Re2 46. Kf1 R2e7 ({Inferior is} 46... Rxh2 47. Rxe8+ Qxe8 48. Qg7#) 47. Rd6 Rg8 (47... Qc4+ $142 48. Rd3 Qxd3+ 49. Kg2 Re2+ 50. Kh3 Rxh2+ 51. Kxh2 Qe2+ 52. Kg1 Qd1+ (52... Qe3+ $2 53. Qxe3 Rxe3 54. Kf2 $19) 53. Kg2 Re2+ 54. Kh3 Qh1#) 48. Qh4 $19 Re4 $2 (48... f4 {( -> ...Qc4+)} 49. Qf6+ Qxf6 50. Nxf6 Rf8) 49. Qf6+ Qxf6 50. Nxf6 {[%emt 0:00:00][%cal Od6d7] White threatens Rd7! and mate.} Rge8 51. Nxe8 {[%emt 0:00:00] [#]} ({White should play} 51. Nxe4 $15 fxe4 (51... Rxe4 52. Rb6 $17) 52. Rb6) 51... Rxe8 $15 {[%emt 0:00:03][%mdl 4096] Endgame. KR-KR} (51... b3 $1 $17 {[%cal Rb3b2] Hoping for ...b2!} 52. Rd1 Rxe8) 52. Rb6 $1 Kg7 53. Kf2 {[%emt 0:00:00] [#]} (53. Rb5 $11 {keeps the balance.}) 53... Kf7 (53... Re5 $1 $17) 54. Rb5 $11 {[%emt 0:00:00][%csl LRa5,LRf5] The position is equal.} Kf6 55. Rxa5 Rb8 {[%emt 0:00:20] aiming for ...b3.} 56. Rc5 b3 57. Rc1 $1 Ra8 {[%emt 0:01:57] Black had all chances to win.   Weighted Error Value: White=0.66/Black=0.53.  Loses game:     	White=1     	---        Missed win:     	---       	Black=1      Mistake:       	White=6     	Black=5      Inaccurate:     	White=3     	Black=3      OK:         	White=11    	Black=13     Best:        	White=3     	Black=3      Strong:       	White=2     	---} (57... b2 $5 58. Rb1 $8 h5 $11) 1/2-1/2

[Event "40th Cappelle Open 2024"]
[Site "Cappelle-la-Grande"]
[Date "2024.03.03"]
[Round "2.13"]
[White "Pucher, Sebastien"]
[Black "Wirig, Anthony"]
[Result "1/2-1/2"]
[ECO "A36"]
[WhiteElo "2198"]
[BlackElo "2462"]
[Annotator "TA"]
[PlyCount "61"]
[EventDate "2024.03.02"]
[EventType "swiss"]
[EventCountry "FRA"]
[SourceTitle "playchess.com"]
[Source "ChessBase"]
[SourceQuality "1"]
[TimeControl "40/5400+30:1800+30"]

1. c4 c5 2. g3 g6 3. Bg2 Bg7 4. Nc3 Nc6 5. d3 e6 6. Bxc6 dxc6 7. Nf3 e5 8. h3 h6 {[%emt 0:01:28] The position is equal.} 9. Bd2 b6 10. Qc2 Be6 11. O-O-O Qd7 12. h4 (12. Qa4 $11) 12... Ne7 13. Kb1 O-O-O 14. Bc1 Nf5 15. e3 Nd6 {[%emt 0:02:24] ...Bg4 is the strong threat.} 16. Nh2 f5 17. f3 {[%emt 0:08:40] [#]} (17. f4 $15) 17... e4 $1 $17 18. b3 exd3 19. Rxd3 Qe7 20. Rhd1 Nf7 (20... b5 {keeps more tension.} 21. cxb5 c4 22. R3d2 Nxb5 23. Nxb5 cxb5 24. Bb2 Rxd2 25. Rxd2 Kb7) 21. Rxd8+ Rxd8 22. Rxd8+ Qxd8 23. Bb2 g5 24. hxg5 hxg5 25. f4 Bxc3 (25... g4 $15) 26. Bxc3 $11 g4 27. Nf1 Qd7 28. Nd2 Kb7 29. Kb2 b5 30. a3 Qd6 31. Bg7 {[%emt 0:00:36] Weighted Error Value: White=0.12 (very precise) /Black=0.13 (very precise) .  Mistake:       	White=2     	Black=1      Inaccurate:     	White=2     	Black=2      OK:         	White=11    	Black=4      Best:        	---       	Black=1} 1/2-1/2

[Event "40th Cappelle Open 2024"]
[Site "Cappelle-la-Grande"]
[Date "2024.03.03"]
[Round "2.14"]
[White "Karamsetty, Jeevan"]
[Black "Barp, Alberto"]
[Result "0-1"]
[ECO "B13"]
[WhiteElo "2187"]
[BlackElo "2449"]
[Annotator "TA"]
[PlyCount "110"]
[EventDate "2024.03.02"]
[EventType "swiss"]
[EventCountry "FRA"]
[SourceTitle "playchess.com"]
[Source "ChessBase"]
[SourceQuality "1"]
[TimeControl "40/5400+30:1800+30"]

1. e4 c6 2. d4 d5 3. exd5 cxd5 4. Bd3 Nc6 5. c3 Qc7 6. Ne2 Bg4 7. O-O {[%emt 0:00:08] B13: Caro-Kann: Exchange Variation and Panov-Botvinnik Attack.} e6 8. Qe1 Nf6 9. f3 Bh5 10. Bf4 Bd6 11. Qg3 Bxf4 12. Qxf4 $146 ({Predecessor:} 12. Nxf4 Bg6 13. Nxg6 Qxg3 14. hxg3 hxg6 15. Nd2 g5 16. g4 Ke7 17. Kf2 Ne8 18. a4 {0-1 Geltz,N (2048)-Kolb,T (2307) GER-ch U18 Willingen 2021 (2)}) 12... Qb6 13. Na3 Bg6 (13... Qxb2 $2 14. Nb5 O-O 15. Rfb1 $18) 14. Qd2 Bxd3 15. Qxd3 O-O (15... Qxb2 $2 16. Nb5 $18) 16. Kh1 Rfe8 (16... Qxb2 17. Nb5 a6 18. Rfb1 $16) 17. Ng3 Rad8 18. Rab1 a6 19. Nc2 Qa5 20. a3 Qc7 21. f4 h5 22. Qf3 g6 23. Ne3 Ne7 24. f5 ({White should try} 24. Ne2 $15) 24... exf5 25. Nexf5 (25. Rbc1 {was called for.}) 25... Nxf5 26. Nxf5 gxf5 27. Qxf5 {[%emt 0:00:14] [#]} Ne4 $1 28. Qxh5 Re6 29. Rf3 Rdd6 30. Rbf1 Rh6 31. Qe5 f6 32. Qf4 Qh7 33. Qg4+ Qg7 34. Qc8+ Kh7 35. Rh3 (35. Kg1 $142) 35... Rxh3 $19 36. Qxh3+ Qh6 37. Qf5+ Kg7 38. Qg4+ Kf7 39. g3 Re6 40. Rf4 Qg6 41. Qf3 Ke7 42. Kg2 Kd6 43. Qd3 Qh5 44. Rh4 Qf5 45. Rf4 Qh5 46. Rh4 $1 Qe8 47. Rh7 Re7 48. Rh6 (48. Rxe7 {was the only chance.} Kxe7 49. Qd1) 48... Kc7 $19 49. Qd1 $2 (49. b3) 49... Kb8 50. Qh5 Qb5 51. b4 Qd3 52. Rh8+ Ka7 53. Qxd5 Qe2+ (53... Nxc3 54. Qc5+ b6 55. Qxe7#) 54. Kh3 Ng5+ ({Not} 54... Nxc3 55. Qc5+ b6 56. Qc8 (56. Qxc3 $2 {too greedy.} Qf1+ 57. Kh4 Qf5 $19) 56... Qe6+ (56... Qf1+ 57. Kh4 $16) 57. Qxe6 Rxe6 58. Rh7+ Kb8 59. Kg4 $15) 55. Kh4 Re4+ (55... Nf3+ $142 56. Kg4 Nxd4+ (56... Nxh2+ $2 57. Kh3 $19) 57. Kh3 Qf1+ (57... Ne6 $2 58. Qh1 $19) 58. Qg2 Qf5+ 59. g4 Re3+ 60. Qg3 Rxg3+ 61. Kxg3 Qe5+ 62. Kg2 Qe2+ 63. Kh3 Qe3+ 64. Kh4 Nf3+ (64... Qxc3 $2 65. Re8 $19) 65. Kh3 Ne1+ (65... Qxc3 {gets mated.} 66. Kg2 Ne5 67. Rh3 Qd2+ 68. Kf1 Nxg4 69. Rf3 Nxh2+ 70. Kg1 Nxf3+ 71. Kf1 Nd4 72. Kg1 Qe2 73. Kh1 Nf3 74. a4 Qh2#) 66. Kh4 Ng2+ 67. Kh5 Qg5#) 0-1

[Event "40th Cappelle Open 2024"]
[Site "Cappelle-la-Grande"]
[Date "2024.03.03"]
[Round "2.15"]
[White "Degraeve, Remy"]
[Black "Derige Kane, Yan"]
[Result "1-0"]
[ECO "C02"]
[WhiteElo "2447"]
[BlackElo "2230"]
[Annotator "TA"]
[PlyCount "139"]
[EventDate "2024.03.02"]
[EventType "swiss"]
[EventCountry "FRA"]
[SourceTitle "playchess.com"]
[Source "ChessBase"]
[SourceQuality "1"]
[TimeControl "40/5400+30:1800+30"]

1. e4 c5 2. Nf3 e6 3. c3 Nc6 4. d4 cxd4 5. cxd4 d5 6. e5 Nge7 7. Na3 Nf5 8. Nc2 Be7 9. Bd3 O-O 10. O-O f6 11. Bf4 fxe5 {[%emt 0:06:26] The position is equal.} 12. Nxe5 (12. dxe5 Nh4 13. g3 Nxf3+ 14. Qxf3 g5 $11 (14... Nxe5 15. Bxh7+ Kxh7 16. Qh5+ Kg8 17. Bxe5 $14)) 12... Nxe5 (12... Qb6 $11) 13. Bxe5 $14 Qe8 14. Rc1 Bd7 15. Re1 Qf7 16. Qd2 a5 17. a3 Nd6 18. Ne3 {[%emt 0:03:07] Wards off Nc4} Bc6 19. Bg3 {[%emt 0:03:07] White is much more active.} (19. Rc3 $16) 19... h5 20. h3 Ne4 21. Bxe4 dxe4 22. Nc4 Bf6 {[%emt 0:00:23] Prevents Ne5.} (22... Qf5 $14) 23. Ne5 Bxe5 24. Bxe5 Qg6 {[%emt 0:01:02][%cal Og6g2] And now ...Qxg2+! would win. Black is weak on the dark squares} 25. Re3 h4 {[%emt 0:01:57] Against Rg3} 26. Qc2 ({Better is} 26. Qe2 $14) 26... Rf5 $11 27. Bd6 {[%emt 0:18:53] Prevents Raf8} (27. Kh2 $11) 27... Rg5 $17 28. g4 hxg3 29. Bxg3 Rf8 {[%emt 0:05:56] Threatens to win with ...Qh6.} 30. Kh2 Qh6 {[%emt 0:04:36] ...Rh5 would now be deadly.} 31. Rg1 Rgf5 32. Rg2 Rf3 33. Qc3 a4 34. Kg1 R8f7 35. Be5 Rxe3 36. fxe3 Kh7 37. Qe1 Bb5 (37... Qxh3 $2 38. Rh2 $18) 38. Kh2 g5 (38... Bf1 $11 39. Rg3 Qh5) 39. Qg3 (39. Qa5 $1 $16 Rf3 (39... Bf1 $2 40. Qd8 $18) 40. Qxb5 Rxh3+ 41. Kg1 Rh1+ 42. Kf2 Qf8+ 43. Bf4 gxf4 44. Qxb7+ (44. Qxa4 $2 fxe3+ 45. Kxe3 Qf3+ 46. Kd2 Qd3#) 44... Kh8 45. Qxe4) 39... Rf3 $11 40. Qg4 $40 {[%emt 0:00:33][%mdl 128] White mounts an attack.} (40. Qxg5 $2 Qxh3+ 41. Kg1 Rf1#) 40... Bf1 $2 (40... Qg6 $1 $11 {and Black is okay.}) 41. Qxe4+ $18 Rf5 42. Rg3 Ba6 43. Qc2 Qh5 {[%emt 0:05:45] [#]} 44. Qc7+ (44. Qxa4 Bd3 (44... Rf2+ 45. Kg1 $11) 45. Qd7+ Rf7 46. Qxe6 Rf2+ 47. Rg2 Rxg2+ 48. Kxg2 Qe2+ 49. Kg3 Qxe3+ 50. Kg2 (50. Kg4 Be2+ 51. Kf5 Qf3+ 52. Kxg5 Qh5+ 53. Kf4 Qf3+ 54. Kg5 Qh5+ 55. Kf4 Qf3+ 56. Kg5 $11) 50... Be4+ 51. Kf1 Qf3+ 52. Ke1 Qe3+ 53. Kf1 Qc1+ 54. Ke2 Qc2+ 55. Ke1 Qb1+ 56. Kd2 Qc2+ 57. Ke1 Qb1+ 58. Kf2 Qc2+ 59. Ke1 $11) (44. Rg2 $1 $18) 44... Rf7 $16 {[%emt 0:19:01] [#]} 45. Rxg5 $1 Qe2+ 46. Rg2 Rxc7 47. Rxe2 {[%emt 0:00:04][%mdl 4096] Endgame. KRB-KRB} Rf7 {[%emt 0:00:28] Prevents Rf2} ({Black should try} 47... Bxe2 48. Bxc7 Kg6) 48. Rc2 Kg6 (48... Rf3 $16) 49. Kg3 (49. Bf4 $18) 49... Rf1 50. Rf2 Rg1+ (50... Rxf2 $16 51. Kxf2 Kf5) 51. Kf4 Bf1 52. Rf3 (52. h4 $142) 52... Kh5 (52... Be2 $16 {might work better.}) 53. Bf6 Bg2 $2 (53... Bc4 $16 54. e4 Rg2) 54. Rg3 $18 Rf1+ 55. Ke5 Bd5 56. Be7 Rf5+ 57. Kd6 Rf2 {[%emt 0:00:13] [#]} 58. e4 $1 Bxe4 59. Kxe6 Rxb2 $2 (59... Bf5+ 60. Kd6 Kh6) 60. d5 Re2 61. Rg5+ Kh6 62. Re5 Kg6 63. Kd6 {[%emt 0:04:26] aiming for Bg5.} Kf7 64. Bg5 b5 65. Kc5 Kg6 (65... Rc2+ $142 66. Kxb5 Bg2) 66. h4 {[%emt 0:00:47] Strongly threatening h5+.} (66. Kxb5 $2 {perishes.} Bd3+ 67. Kxa4 Rxe5 $19) 66... Rc2+ 67. Kxb5 Bf5 68. Kxa4 Rb2 69. d6 {[%emt 0:00:28][%cal Oe5f5] White wants to mate with Rxf5!} Rb6 {[%emt 0:00:45] [#]} (69... Bd7+ $18 70. Ka5 Rb3) 70. Rxf5 $1 {[%emt 0:00:13] Weighted Error Value: White=0.20 (precise) /Black=0.29 (precise) .  Loses game:     	---       	Black=2      Mistake:       	White=7     	Black=10     Inaccurate:     	White=5     	Black=3      OK:         	White=22    	Black=16     Best:        	White=5     	Black=10     Brilliant:      	White=2     	---} 1-0